 Dungeon Crawl Stone Soup version 0.26-b1-32-g5d43845318 (webtiles) character file.

Game seed: 8015534460064486097

2 raceaflais the Sneak (level 1, -5/11 HPs)
             Began as a Spriggan Delver on Jan 5, 2021.
             Was an Initiate of Nemelex Xobeh.
             Slain by Prince Ribbit (7 damage)
             ... on level 5 of the Dungeon.
             The game lasted 00:02:11 (430 turns).

raceaflais the Sneak (Spriggan Delver)               Turns: 430, Time: 00:02:11

Health: -5/11      AC:  2    Str:  8    XL:     1   Next: 25%
Magic:  2/2        EV: 18    Int: 11    God:    Nemelex Xobeh [......]
Gold:   0          SH:  0    Dex: 17    Spells: 0/0 levels left

rFire    . . .     SeeInvis +   a - +0 short sword
rCold    . . .     Faith    .   (shield restricted)
rNeg     . . .     Spirit   .   b - +0 robe
rPois    .         Reflect  .   (helmet restricted)
rElec    .         Harm     .   (no cloak)
rCorr    .         Rampage  .   (gloves unavailable)
Will     .....                  (boots unavailable)
Stlth    ++++......             (no amulet)
HPRegen  0.03/turn              (no ring)
MPRegen  0.08/turn              (no ring)

@: very quick
A: very small, unfitting armour, see invisible, speed 3
a: Renounce Religion, Draw Escape, Draw Destruction, Draw Summoning


You were on level 5 of the Dungeon.
You worshipped Nemelex Xobeh.
Nemelex Xobeh was noncommittal.
You visited 2 branches of the dungeon, and saw 2 of its levels.

Inventory:

Hand Weapons
 a - a +0 short sword (weapon)
 i - a +0 war axe
Missiles
 f - 18 stones (quivered)
Armour
 b - a +0 robe (worn)
Jewellery
 k - an uncursed amulet of faith {unknown}
Wands
 g - a wand of digging (3)
Scrolls
 c - a scroll of fog
 d - a scroll of magic mapping
 e - a scroll of fear
 h - a scroll of identify {unknown}
Potions
 j - a potion of cancellation {unknown}


   Skills:
 + Level 2.4 Fighting
 + Level 2.2 Short Blades
 + Level 3.0 Dodging
 + Level 7.3 Stealth


You couldn't memorise any spells.
You didn't know any spells.
Your spell library was empty.

Dungeon Overview and Level Annotations

Branches:
Dungeon (5/15)             Temple (1/1) D:5

Altars:
Ashenzari
Elyvilon
Fedhas
Hepliaklqana
Nemelex Xobeh
Okawaru
Ru
Trog
Uskayaw
Wu Jian
The Shining One

Annotations:
D:5 Prince Ribbit


Innate Abilities, Weirdness & Mutations

You are very small and have problems with some larger weapons.
You are too small for most types of armour.
You have supernaturally acute eyesight. (SInv)
You cover ground extremely quickly.


Message History

A worker ant comes into view.
Found a stone staircase leading down.
j - a green potion
There are no items here.
Found a dented beryl amulet.
Found a stone staircase leading up.
Prince Ribbit comes into view.
An adder comes into view.
Prince Ribbit croaks.
You see here a dented beryl amulet.
k - a dented beryl amulet Prince Ribbit hits you!
Ouch! That really hurt!
* * * LOW HITPOINT WARNING * * *
The worker ant completely misses you.
There is a stone staircase leading up here.
Prince Ribbit hits you!
Ouch! That really hurt!
You die...
Your body disappears without a glow.

...# ##.#####.###.###.##
#### ...#
#.................#
...####.<#####.###.###.##
...............# #.# #..#
...#####.#######
#.###..## .### #.#
######.......# .
..######.#
#.....B....>##⌠..#
#........# #.F..........#
..######## #@####....#⌠##
.## #.# #...## # .# #.#
#...# .# #.# #S..# .# #..
....# .# ### #...# #
....#


You could see Prince Ribbit and a worker ant.

Vanquished Creatures
  An orc (D:5)
1 creature vanquished.

Notes
Turn   | Place    | Note
-------+----------+-------------------------------------------
     0 | D:5      | raceaflais the Spriggan Delver began the quest for the Orb.
     0 | D:5      | Reached XP level 1. HP: 11/11 MP: 2/2
    58 | D:5      | Noticed a centaur
    82 | D:5      | Noticed a worker ant
    94 | D:5      | Found a staircase to the Ecumenical Temple.
   106 | Temple   | Entered the Ecumenical Temple
   349 | Temple   | Became a worshipper of Nemelex Xobeh the Trickster
   409 | D:5      | Noticed a worker ant
   419 | D:5      | Noticed Prince Ribbit
   430 | D:5      | Slain by Prince Ribbit

Illustrated notes

Levels and vault maps discovered:
D:5:      layout_loops_ring, minmay_temple_entry_enclosed_plants,
          grunt_ministairs_8, uniq_prince_ribbit1
Temple:   jpeg_temple_clearing

Action                   || total
-------------------------++-------
Melee: Short sword       ||     6
  Use: Potion            ||     1
Dodge: Dodged            ||     2
